 Dungeon Crawl Stone Soup version 0.18.1-8-gdd0e5ea (webtiles) character file.

53 manyhoops the Firebug (level 3, 0/26 HPs)
             Began as a Demigod Fire Elementalist on May 26, 2016.
             Slain by a jackal (3 damage)
             ... on level 1 of the Dungeon.
             The game lasted 00:01:52 (866 turns).

manyhoops the Firebug (Demigod Fire Elementalist)    Turns: 866, Time: 00:01:53

Health: 0/26       AC:  7    Str: 11    XL:     3   Next: 41%
Magic:  0/9        EV: 12    Int: 21    God:
Gold:   97         SH:  0    Dex: 16    Spells: 2 memorised, 3 levels left

rFire  . . .     SeeInvis .     m - +0 mace (protect)
rCold  . . .     Gourm    .     a - +0 robe
rNeg   . . .     Faith    .     (no shield)
rPois  .         Spirit   .     (no helmet)
rElec  .         Dismiss  .     (no cloak)
rCorr  .         Reflect  .     (no gloves)
SustAt +         Harm     .     (no boots)
MR     .....                    (no amulet)
Stlth  ++........               (no ring)
                                (no ring)

@: very slightly contaminated, not resistant to hostile enchantments, unstealthy
A: high mp 1, sustain attributes
a: no special abilities


You were on level 1 of the Dungeon.
You were not hungry.

You visited 1 branch of the dungeon, and saw 2 of its levels.

You collected 97 gold pieces.

Inventory:

Hand Weapons
 m - a +0 mace of protection (weapon)
Armour
 a - a +0 robe (worn)
Scrolls
 d - a scroll of amnesia {unknown}
 h - a scroll of blinking {unknown}
 j - a scroll of random uselessness {unknown}
 k - a scroll of identify {unknown}
 l - a scroll of teleportation {unknown}
Potions
 f - a potion of might {unknown}
 g - a potion of heal wounds {unknown}
 i - 2 potions of agility {unknown}
Books
 b - a book of Flames

   Spells                             Type                      Level
   a - Flame Tongue                   Conjuration/Fire             1
   b - Throw Flame                    Conjuration/Fire             2
   c - Conjure Flame                  Conjuration/Fire             3
   d - Inner Flame                    Hexes/Fire                   3
   e - Sticky Flame                   Conjuration/Fire             4
   f - Fireball                       Conjuration/Fire             5
Comestibles
 c - 3 bread rations


   Skills:
 - Level 1.8 Dodging
 + Level 2.0 Stealth
 + Level 2.3 Spellcasting
 + Level 1.3 Conjurations
 + Level 3.5 Fire Magic


You had 3 spell levels left.
You knew the following spells:

 Your Spells              Type           Power        Failure   Level  Hunger
a - Flame Tongue          Conj/Fire      ##...        6%          1    #......
b - Throw Flame           Conj/Fire      ##....       10%         2    ##.....


Dungeon Overview and Level Annotations

Branches:
Dungeon (2/15)

Annotations:
D:2 Crazy Yiuf


Innate Abilities, Weirdness & Mutations

You have an increased reservoir of magic (+10% MP).
Your attributes are resistant to harm.


Message History

The jackal bites you. The jackal barely misses you.
The jackal completely misses you.
You miss the jackal.
The jackal is heavily wounded.
The jackal bites you.
* * * LOW HITPOINT WARNING * * *
The jackal barely misses you. x3
You are too injured to fight recklessly!
Casting: Flame Tongue
Confirm with . or Enter, or press ? or * to list all spells.
Aiming: Flame Tongue
Press: ? - help, Shift-Dir - straight line, f - jackal
Aim: a jackal (heavily wounded)
The flame tongue misses the jackal.
The jackal bites you.
* * * LOW HITPOINT WARNING * * *
The jackal bites you but does no damage.
The jackal barely misses you.
The jackal bites you but does no damage.
The jackal misses you. The jackal bites you.
You die...

#######'####+## ##.........##.#
##'......# #.........##.##
#........# #.........##...
#........# ##.........#####
#.....#'## #............#
####.....#.#####..††........###
#........#+##..................
#.............hh.............##
#.............@........[.....#
#######...........[..(..)...†#
#...........................#
#......)........##..........#
#.........##....#########...#
#.........######.....####...#
#.........# #............#
#.........######..(..(...##.#
#.......†>.....+.......(.+..#


You could see 2 jackals.

Vanquished Creatures
  2 gnolls (D:2)
  An adder (D:2)
  A giant cockroach (D:1)
  A goblin (D:1)
  5 hobgoblins (D:1)
  6 jackals
  2 kobolds (D:1)
  4 rats
22 creatures vanquished.

Notes
Turn   | Place    | Note
--------------------------------------------------------------
     0 | D:1      | manyhoops the Demigod Fire Elementalist began the quest for the Orb.
     0 | D:1      | Reached XP level 1. HP: 14/14 MP: 5/5
   229 | D:1      | Reached skill level 3 in Fire Magic
   508 | D:1      | Reached XP level 2. HP: 20/20 MP: 2/7
   512 | D:1      | Learned a level 2 spell: Throw Flame
   528 | D:1      | Reached skill level 1 in Conjurations
   673 | D:2      | Noticed Crazy Yiuf
   803 | D:2      | Reached XP level 3. HP: 26/26 MP: 4/8
   866 | D:1      | Slain by a jackal

Skill      XL: |  1  2 |
---------------+-------+-----
Fire Magic     | 3 |  3.5
Spellcasting   | 2 |  2.3
Conjurations   | 1 |  1.3
Stealth        | 2 |  2.0
Dodging        | |  1.8

Action                   || total
-------------------------++-------
Melee: Mace              ||    12
 Cast: Flame Tongue      ||    45
Armor: Robe              ||    15
Dodge: Dodged            ||    42
